[Event "Plancoet op-A 10th"]
[Site "Plancoet"]
[Date "2013.08.01"]
[Round "7"]
[White "Epishin, Vladimir"]
[Black "Petre, Nad Titus"]
[Result "1-0"]
[ECO "A54"]
[WhiteElo "2598"]
[BlackElo "2371"]
[Annotator "RR"]
[PlyCount "79"]
[EventDate "2013.07.28"]
[EventType "swiss"]
[EventRounds "9"]
[EventCountry "FRA"]
[SourceTitle "EXT 2017"]
[Source "ChessBase"]
[SourceDate "2016.10.25"]
[SourceVersion "1"]
[SourceVersionDate "2016.10.25"]
[SourceQuality "1"]
[TimeControl "40/5400+30:1800+30"]

1. d4 Nf6 2. c4 d6 3. Nc3 Nbd7 4. Nf3 e5 5. Bg5 Be7 6. Qc2 {[%cal Ge1c1] Un
coup souple qui garde l'option du oo ou du ooo} O-O 7. Rd1 (7. O-O-O Ng4 8.
Bxe7 Qxe7 9. e3 Ngf6 10. h3 b6 11. g4 Bb7 12. d5 g6 13. Be2 c6 14. g5 Ne8 15.
h4 cxd5 16. Nxd5 Bxd5 17. Rxd5 Rc8 18. Kb1 a6 19. Qd1 Nc5 20. h5 Ne4 21. Rh2
Nxg5 22. Nh4 Rc5 23. a3 a5 24. Ka2 Rxd5 25. Qxd5 Ne6 26. Bd3 Nf6 27. Qg2 Nxh5
28. Nf5 Qg5 29. Qc6 Nc5 30. Bc2 Qg1 31. Rxh5 Qxf2 32. Qxd6 Re8 33. Qf6 gxf5 34.
Rxf5 Qxc2 35. Qxf7+ Kh8 36. Qxe8+ {1-0 (36) Adhiban,B (2564)-Iuldachev,S (2458)
Visakhapatnam 2012}) (7. e3 c6 8. Bd3 h6 9. h4 $5 Re8 10. Bxf6 Bxf6 11. O-O-O
$14 {Alburt,L (2580)-Morovic Fernandez,I (2420) Santiago Santiago de Chile
1981 (1) 1/2}) 7... exd4 8. Nxd4 Re8 9. e3 h6 10. Bh4 Nc5 (10... Bf8 11. Be2 c6
12. O-O Qc7 13. Rd2 a5 14. Rfd1 g5 15. Bg3 Nc5 16. f3 Nh5 17. Bf2 Ng7 18. Bf1
f5 19. b3 Qf7 20. a3 Kh8 21. b4 axb4 22. axb4 Nce6 23. e4 Nf4 24. Qb2 fxe4 25.
Nxe4 d5 26. cxd5 cxd5 27. Nc5 b6 28. Nd3 Ng6 29. Nc6 Re6 30. Nd8 Qf6 31. Nxe6
Qxb2 32. Rxb2 {1-0 (32) McCambridge,V-Fritzinger,D Berkeley 1981}) 11. Be2 c6
12. Bg3 Bf8 13. Bf3 g6 14. O-O Bg4 15. Bxg4 Nxg4 16. b4 Nd7 17. Nb3 Ndf6 18.
Rd4 Ne5 19. Rfd1 $14 Qc8 (19... Qc7 ) 20. h3 c5 21. bxc5 dxc5 22.
Nd5 Bg7 23. Nxf6+ Bxf6 24. Rd5 b6 25. Nd2 Re6 26. Ne4 Bg7
27. Nd6 Qf8 28. Nb5 Re7 (28... Qe7 29. a4 a6 30. Nd6 Nc6 (30... Rd8 31. Nf5))
29. Bh4 f6 $2 30. f4 $18 g5 31. fxe5 gxh4 32. Rf1 f5 33. Rxf5 Rf7
34. Nd6 Rxf5 35. Nxf5 Re8 36. Qe4 Re6 37. Qg4 Kh7 38. Nxg7 Rg6 39. Ne6 Qe8 40.
Rd7+ 1-0

[Event "Sautron op 15th"]
[Site "Sautron"]
[Date "2015.10.24"]
[Round "7.7"]
[White "Barbot, Pierre"]
[Black "Duboue, Peio"]
[Result "0-1"]
[ECO "A54"]
[WhiteElo "2447"]
[BlackElo "2368"]
[Annotator "RR"]
[PlyCount "127"]
[EventDate "2015.10.24"]
[EventType "swiss"]
[EventRounds "9"]
[EventCountry "FRA"]
[SourceTitle "CBM 169 Extra"]
[Source "ChessBase"]
[SourceDate "2015.12.18"]
[SourceVersion "1"]
[SourceVersionDate "2015.12.18"]
[SourceQuality "1"]
[TimeControl "40/5400+30:1800+30"]
[WhiteClock "0:42:28"]
[BlackClock "0:50:11"]

1. d4 Nf6 2. c4 d6 3. Nc3 e5 4. Nf3 (4.
dxe5 dxe5 5. Qxd8+ Kxd8 $11 ) 4... exd4 {[%emt 0:04:53]
Une variante assez rare} (4... Nbd7) 5. Nxd4 g6 6. g3 (6. e4) 6... Bd7 (6... Bg7 7. Bg2
O-O 8. O-O Nbd7 9. b3 Re8 10. Bb2 a6 11. h3 Rb8 12. a4 Ne5 13. Kh2 c5 14. Nf3
Nc6 15. Re1 Ne4 16. Nxe4 Rxe4 17. Bxg7 Kxg7 18. Qd2 Qf6 19. Rad1 Nd4 20. Nxd4
Rxd4 21. Qe3 Be6 22. a5 b6 23. axb6 Rxb6 24. Kg1 Qe5 25. Qf3 a5 26. Ra1 Rd2 27.
Rxa5 Qb2 28. Rb5 Ra6 29. Bf1 h5 30. Qf4 Rd4 31. Qc1 Ra2 32. Qxb2 Rxb2 33. h4
Rdd2 34. Ra1 Bf5 35. Rb7 Be4 36. Rd7 {Le,Q (2712)-Mamedov,R (2637)
Khanty-Mansiysk 2013 0-1 (76)}) 7. Bg2 Nc6 8.
Bg5 Bg7 9. Nd5 h6 10. Nxf6+ Bxf6 11. Bxf6 Qxf6 12. Nxc6 Bxc6 13.
Bxc6+ bxc6 14. Qd2 $146 (14.
Qa4 O-O 15. O-O Qxb2 16. Qxc6 Qb6 17. Qd5 Rae8 18. Rab1 Qa6 19. e3 Re5 20. Qd3
Rc5 21. Rb5 Qc6 22. Rxc5 Qxc5 23. Rb1 Re8 24. Rb5 Qc6 25. Qd4 a6 26. Rb3 h5 27.
h4 Kf8 28. a3 Re5 29. f4 Re8 30. Qd5 Qa4 31. Rc3 Rb8 32. Qd3 Rb2 33. c5 Qc6 34.
e4 dxc5 35. Qd8+ Kg7 36. Qd5 Rb1+ 37. Kf2 Qb5 38. Qd3 Qb2+ 39. Rc2 Qa1 40. Qc3+
Qxc3 41. Rxc3 Rb5 42. e5 Kf8 43. a4 Rb4 {Hossain,D (2126)-Barua,P (1965) Dhaka
2014 1-0}) 14... O-O $11 15. O-O h5 16. b4 Rfe8 (16... h4) 17. Qd3 Qb2 18. Qf3 Qxb4 19. Qxc6 Qb6 20. Qf3 Rab8 21. e3 Qa6 22. Rfc1 Re5 23. c5 Rxc5 24. Rxc5 dxc5 25. Qd1 Qf6 26. Rb1 Rb6 27. Qc2 Kh7 28. Rb3 h4 29. Kg2 Qe6 30. h3 hxg3 31. Kxg3 c4 32. Rc3 $44 Rc6 33. e4 Qd6+ 34. Kg2 Qd4 35. Kf1 Kg7 36. Rf3 c3 37. Ke2 Qb4 38. Kd1 Qb2
$1 $17 39. Rd3 Rd6 $1 {[%emt 0:01:
43][%csl Gc3,Rd1] Force l'échange des R et en finale de Q, un P passé très
avancé est souvent un facteur décisif} 40. Rxd6 cxd6 41. Qxb2 {[%emt 0:01:50] Récupère un P mais la finale de P
est difficile pour Pierre qui a un K hors-jeu} cxb2 42. Kc2 Kf6 43. f4 g5 $1 44. fxg5+ Kxg5 45. h4+ $1 Kxh4 46. Kxb2 f5
$1 (46... Kg5 $143 $2 47. Kc3 Kf4 48. Kd4) 47. exf5 Kg5 48. Kc3 Kxf5 49. Kd4 Ke6 50. Ke4 d5+ 51. Kd4 Kd6 $19 52.
Kd3 Kc5 53. Kc3 d4+ 54. Kd3 Kd5 55. Kd2 Kc4 56. Kc2 d3+ 57.
Kd2 Kd4 58. Kd1 Kc3 59. Kc1 a5 60. Kd1 Kb2 61. a4 Kb3 62.
Kd2 Kxa4 63. Kc3 Ka3 64. Kd4 0-1